 Seeded DCSS version 0.31-a0-219-g8d62b2e7bb (webtiles) character file.

Game seed: 13275427502194390118 (custom seed)

177 rocky1 the Slasher (level 5, 39/39 HPs)
             Began as a Merfolk Gladiator on July 4, 2023.
             Was an Initiate of the Shining One.
             Quit the game on level 3 of the Dungeon.
             The game lasted 00:04:19 (2330 turns).

rocky1 the Slasher (Merfolk Gladiator)              Turns: 2330, Time: 00:04:19

Health: 39/39      AC:  5    Str: 20    XL:     5   Next: 57%
Magic:  5/5        EV: 14    Int:  9    God:    the Shining One [......]
Gold:   125        SH:  0    Dex: 16    Spells: 4/4 levels left

rFire   . . .        a - +0 long sword
rCold   . . .        (no shield)
rNeg    . . .        b - +0 leather armour
rPois   .            l - +1 helmet
rElec   .            (no cloak)
rCorr   .            (no gloves)
SInv    .            (no boots)
Will    .....        (no amulet)
Stlth   +            f - +6 ring of strength
HPRegen 0.26/turn    (no ring)
MPRegen 0.09/turn

%: no passive effects
@: glowing
A: (nimble swimmer 2), mertail
a: Renounce Religion


You were on level 3 of the Dungeon.
You worshipped the Shining One.
The Shining One was noncommittal.
You visited 1 branch of the dungeon, and saw 3 of its levels.

You collected 125 gold pieces.

Inventory:

Hand Weapons
 a - a +0 long sword (weapon)
Missiles
 d - 3 throwing nets (quivered)
 e - 5 javelins
 h - 6 poisoned darts
 j - 3 boomerangs
Armour
 b - a +0 leather armour (worn)
 c - a +0 helmet
 k - a +0 robe of resistance
 l - a +1 helmet (worn)
Jewellery
 f - a +6 ring of strength (left hand)
Scrolls
 g - a scroll of teleportation {unknown}
 i - a scroll of fog {unknown}
 m - a scroll of fear
Potions
 n - a potion of berserk rage {unknown}
 o - 2 potions of enlightenment {unknown}
 p - 2 potions of mutation {unknown}


   Skills:
 + Level 2.7 Fighting
 * Level 6.0 Long Blades
 - Level 2.0 Throwing
 + Level 1.1 Armour
 + Level 4.8 Dodging
 + Level 0.9 Stealth


You had 4 spell levels left.
You didn't know any spells.
Your spell library contained the following spells:

 Spells                   Type           Power      Damage    Failure   Level
 Ozocubu's Armour         Ice            0%         N/A       82%         3
 Metabolic Englaciation   Hex/Ice        0%         N/A       100%        5
 Simulacrum               Ice/Necr       0%         N/A       100%        6
 Ozocubu's Refrigeration  Ice            0%         4d7       100%        7
 Polar Vortex             Ice            0%         N/A       100%        9


Dungeon Overview and Level Annotations

Branches:
Dungeon (3/15)

Altars:
Nemelex Xobeh
The Shining One

Shops:
D:1 :==[


Innate Abilities, Weirdness & Mutations

((You are very nimble when in or above water. (Stealth+, EV+, Speed+++)))
Your lower body shifts to a powerful aquatic tail in water.


Message History

The adder barely misses you.
You closely miss the adder. The adder barely misses you. The adder bites you.
You are poisoned.
The adder poisons you!
You miss the adder.
You feel sick. The adder barely misses you.
You closely miss the adder.
You feel sick. The adder barely misses you. The adder completely misses you.
You hit the adder. Your punch misses the adder.
The adder is heavily wounded.
You feel sick. The rat bites you. The adder misses you.
You closely miss the adder.
The adder is heavily wounded.
You feel sick. The adder closely misses you. The rat bites you.
You hit the adder.
The adder is heavily wounded.
You feel sick. The adder bites you but does no damage.
The rat bites you but does no damage. The adder bites you but does no damage.
The rat closely misses you.
You closely miss the adder.
The adder is heavily wounded.
You feel sick.
You are no longer poisoned.
The adder closely misses you. The rat bites you.
You slash the adder!
You kill the adder!
The rat misses you.
Your Long Blades skill increases to level 6!
You completely miss the rat. The rat bites you.
You slash the rat!
You kill the rat!
No target in view!
No target in view!
You now have 120 gold pieces (gained 14).
You now have 125 gold pieces (gained 5).
Found a stone staircase leading down.
You pick up a book of Ice and begin reading...
You add the spells Ozocubu's Refrigeration and Polar Vortex to your library.
A worm comes into view.
There is a sparkling altar of Nemelex Xobeh here.
Are you sure you want to abandon this character and quit the game? (Confirm with "yes".)

.....# .....#
####.#########
.............##########
####..#####...........
#..# #.#.#####.# #..#
#.#.......# ..>#
##.#.#...#.# ##.##
##..#.#.@.# #.#
#...#.#...#
#.####.#.#.......
........#.#####.#
........††........
######...#####. .##
#...# # #...# #...#


There were no monsters in sight!

Vanquished Creatures
  Jessica (D:1)
  Natasha (thrice) (D:2)
  4 adders
  A worm (D:2)
  A dart slug (D:2)
  2 ball pythons (D:2)
  5 bats
  3 endoplasms (D:2)
  2 giant cockroaches
  2 goblins (D:1)
  2 hobgoblins
  2 jackals (D:2)
  4 kobolds
  2 quokkas
  A frilled lizard (D:1)
  4 rats
39 creatures vanquished.

Notes
Turn   | Place    | Note
-------+----------+-------------------------------------------
     0 | D:1      | rocky1 the Merfolk Gladiator began the quest for the Orb.
     0 | D:1      | Reached XP level 1. HP: 16/16 MP: 1/1
    11 | D:1      | Found Onlezats's Jewellery Emporium.
   273 | D:1      | Found Zyuqykanwy's Book Shop.
   384 | D:1      | Found Obocek's Jewellery Boutique.
   391 | D:1      | Reached skill level 4 in Long Blades
   391 | D:1      | Reached XP level 2. HP: 20/22 MP: 2/2
   455 | D:1      | Found Saufiugh's Armour Emporium.
   651 | D:2      | Noticed Jessica
   703 | D:1      | Killed Jessica
   704 | D:1      | Reached XP level 3. HP: 26/28 MP: 3/3
  1589 | D:2      | Noticed Natasha
  1596 | D:2      | Killed Natasha
  1597 | D:2      | Reached skill level 5 in Long Blades
  1597 | D:2      | Reached XP level 4. HP: 25/34 MP: 4/4
  1618 | D:2      | Noticed Natasha
  1629 | D:2      | Killed Natasha
  1816 | D:2      | Reached XP level 5. HP: 33/39 MP: 5/5
  1887 | D:2      | Found a faded altar of an unknown god.
  1992 | D:2      | Found a glowing golden altar of the Shining One.
  2020 | D:2      | Reached skill level 1 in Armour
  2032 | D:2      | Became a worshipper of the Shining One
  2060 | D:2      | Noticed Natasha
  2066 | D:2      | Killed Natasha
  2224 | D:3      | Found a sparkling altar of Nemelex Xobeh.
  2235 | D:3      | Reached skill level 6 in Long Blades
  2330 | D:3      | Quit the game

Illustrated notes

Levels and vault maps discovered:
D:1:      erik_arrival_blinker_ship, layout_loops_ring, serial_shops, shop,
          shop, shop, nicolae_shop_rolling_square
D:2:      layout_rooms, ebering_ecumenical_altar_hall, basic_altar,
          uniq_natasha, uniq_jessica
D:3:      layout_loops_ring, mainiacjoe_overflow_cross_hatched

Skill      XL: |  1  2  3  4  5 |
---------------+----------------+-----
Long Blades    | 4 5 6 |  6.0
Armour         | 1 |  1.1
Fighting       | |  2.7
Throwing       | |  2.0
Dodging        | |  4.8
Stealth        | |  0.9

Action                     |  1- 3 |  4- 6 || total
---------------------------+-------+-------++-------
  Melee: Long sword        |    52 |    70 ||   122
    Use: Scroll            |     3 |       ||     3
   Stab: Distracted        |     1 |       ||     1
         Sleeping          |       |     1 ||     1
 Armour: Leather armour    |    16 |    25 ||    41
  Dodge: Dodged            |    46 |    61 ||   107

Table legend: (Time is in decaauts)
 A = Elapsed time spent in this place.
 B = Non-inter-level travel time spent in this place.
 C = Inter-level travel time spent in this place.
 D = Time resting spent in this place.
 E = Time spent auto-exploring this place.
 F = Levels seen in this place.
 G = Mean time per level.
                   A        B        C        D        E       F      G
               +--------+--------+--------+--------+--------+-----+--------+
         Total |   2359 |   2310 |     49 |    896 |    924 |   3 |  786.3 |
       Dungeon |   2359 |   2310 |     49 |    896 |    924 |   3 |  786.3 |
               +--------+--------+--------+--------+--------+-----+--------+

Top non-repeatable levels by time:
     D:1: 1542 daAuts
     D:2: 619 daAuts
     D:3: 197 daAuts
